 Dungeon Crawl Stone Soup version 0.27-a0-1202-ge72e491 (webtiles) character file.

Game seed: 11628909760059465046

307 Meow the Magician (level 6, -1/49 HPs)
             Began as a Naga Venom Mage on June 1, 2021.
             Slain by a goblin
             ... wielding a +0 club
             ... led by Robin
              (3 damage)
             ... on level 3 of the Dungeon.
             The game lasted 00:10:11 (3479 turns).

Meow the Magician (Naga Venom Mage)                 Turns: 3479, Time: 00:10:12

Health: -1/49      AC:  4    Str: 10    XL:     6   Next: 40%
Magic:  7/12       EV:  9    Int: 18    God:
Gold:   176        SH:  0    Dex: 11    Spells: 6/13 levels left

rFire    . . .     SeeInvis +   a - +1 dagger (venom)
rCold    . . .     Faith    +   (no shield)
rNeg     . . .     Spirit   .   d - +0 robe
rPois    +         Reflect  .   (no helmet)
rElec    .         Harm     .   (no cloak)
rCorr    .         Rampage  .   j - +0 pair of gloves
Will     .....                  (no barding)
Stlth    ++........             n - amulet of faith
HPRegen  0.16/turn              (no ring)
MPRegen  0.13/turn              (no ring)

@: very slow
A: AC +2, large, see invisible, deformed body, poison resistance, slowness 2,
spit poison 1, naga tail 1
a: Spit Poison


You were on level 3 of the Dungeon.
You visited 1 branch of the dungeon, and saw 4 of its levels.

You collected 176 gold pieces.

Inventory:

Hand Weapons
 a - a +1 dagger of venom (weapon)
 s - a +1 dagger of draining
Missiles
 b - 72 sling bullets
 c - 47 arrows
 e - 36 stones (quivered)
Armour
 d - a +0 robe (worn)
 j - a +0 pair of gloves (worn)
Jewellery
 n - an amulet of faith (around neck)
 p - a ring of ice
Wands
 r - a wand of digging (6)
Scrolls
 f - 3 scrolls of identify
 h - a scroll of silence {unknown}
 k - a scroll of immolation {unknown}
 l - 4 scrolls of enchant weapon {unknown}
 m - a scroll of vulnerability {unknown}
 o - a scroll of amnesia {unknown}
Potions
 g - 2 potions of flight
 q - a potion of degeneration {unknown}


   Skills:
 - Level 1.5 Dodging
 - Level 3.0 Stealth
 + Level 4.4 Spellcasting
 + Level 4.2 Conjurations
 - Level 1.0 Transmutations
 - Level 4.0 Poison Magic


You had 6 spell levels left.
You knew the following spells:

 Your Spells              Type           Power      Damage    Failure   Level
a - Sting                 Tmut/Pois      52%        1d5       4%          1
c - Mephitic Cloud        Conj/Pois/Air  13%        N/A       14%         3
C - Ignite Poison         Fire/Tmut/Pois 10%        N/A       22%         3

Your spell library contained the following spells:

 Spells                   Type           Power      Damage    Failure   Level
 Beastly Appendage        Tmut           14%        N/A       10%         1
 Poisonous Vapours        Pois/Air       22%        N/A       10%         2
 Wereblood                Tmut           7%         N/A       14%         2
 Spider Form              Tmut/Pois      6%         N/A       16%         3
 Olgreb's Toxic Radiance  Pois           18%        N/A       26%         4
 Ice Form                 Ice/Tmut       5%         N/A       75%         4
 Hydra Form               Tmut           3%         N/A       95%         5


Dungeon Overview and Level Annotations

Branches:
Dungeon (4/15)
 Temple: D:4-7

Altars:
Elyvilon
Zin
The Shining One

Annotations:
D:3 1 runed translucent door, Crazy Yiuf
D:4 Robin


Innate Abilities, Weirdness & Mutations

Your serpentine skin is tough. (AC +2)
You have supernaturally acute eyesight. (SInv)
Armour fits poorly on your strangely shaped body.
Your system is resistant to poisons. (rPois)
You cover ground very slowly.
You can spit poison.
You have a snake-like lower body.


Message History

The howler monkey is engulfed in noxious fumes.
The howler monkey appears confused.
The hobgoblin hits you.
* * * LOW HITPOINT WARNING * * *
The goblin is engulfed in noxious fumes.
The goblin appears confused.
The goblin barely misses the goblin.
The scorpion stings the howler monkey.
The howler monkey is engulfed in noxious fumes.
The howler monkey hits you.
* * * LOW HITPOINT WARNING * * *
The hobgoblin hits you.
* * * LOW HITPOINT WARNING * * *
The goblin is engulfed in noxious fumes.
The goblin appears confused.
The goblin closely misses the goblin.
The goblin barely misses the goblin.
The howler monkey is engulfed in noxious fumes.
The howler monkey appears confused.
The howler monkey hits you.
* * * LOW HITPOINT WARNING * * *
The hobgoblin is engulfed in noxious fumes.
The hobgoblin appears confused.
The goblin is engulfed in noxious fumes.
The goblin appears confused.
You kill the goblin!
The scorpion barely misses you.
The howler monkey is engulfed in noxious fumes.
The howler monkey appears confused.
Unknown command.
The howler monkey is engulfed in noxious fumes.
The howler monkey appears confused.
The howler monkey barely misses the scorpion.
The hobgoblin closely misses you.
Your magical contamination has completely faded away.
Something barely misses the goblin.
Something misses the goblin.
The hobgoblin hits you.
* * * LOW HITPOINT WARNING * * *
You closely miss the hobgoblin.
The howler monkey hits something but does no damage.
The hobgoblin hits you.
* * * LOW HITPOINT WARNING * * *
The goblin hits you with a +0 club.
You die...

..##......####....#.##.##.# ##.#.
...#................#..##.###..#.
...#.....###.......##.###.#...##.
##............#..#.#..# #.#.####.
##......##.#........## #.#.####.
####......#<.....######........
######....##.[..............####.
.................g.gs.#...### #.
....##.###......@g.#.s>.#.# #.
####...###....####...h)g.<# #.
##...###.....########.....#### ##
...####..###..#..............## #
.######..####.#...............###
..........................##....#
....#....######...........###.###
..#.#[.### #...........# #....
.#.....# #......)....# ####.


You could see a scorpion (confused), a howler monkey (confused), 2 hobgoblins
and 2 goblins.

Vanquished Creatures
  Sigmund (D:3)
  Jessica (D:3)
  An orc wizard (D:2)
  7 adders
  A dart slug (D:1)
  2 orcs
  5 endoplasms
  A giant cockroach (D:2)
  3 hobgoblins
  10 jackals
  4 kobolds
  A quokka (D:1)
  3 ball pythons
  4 bats
  A frilled lizard (D:2)
  2 goblins
  A rat (D:1)
48 creatures vanquished.

Notes
Turn   | Place    | Note
-------+----------+-------------------------------------------
     0 | D:1      | Meow the Naga Venom Mage began the quest for the Orb.
     0 | D:1      | Reached XP level 1. HP: 15/15 MP: 3/3
   309 | D:1      | Reached skill level 1 in Conjurations
   309 | D:1      | Reached XP level 2. HP: 22/22 MP: 5/5
   893 | D:2      | Reached XP level 3. HP: 26/28 MP: 0/7
  1326 | D:2      | Learned a level 3 spell: Mephitic Cloud
  1330 | D:2      | Learned a level 3 spell: Ignite Poison
  1406 | D:2      | Reached XP level 4. HP: 14/36 MP: 5/8
  2148 | D:3      | Noticed Sigmund
  2594 | D:4      | Noticed a scorpion
  2714 | D:3      | Killed Sigmund
  2715 | D:3      | Reached XP level 5. HP: 40/42 MP: 2/11
  2715 | D:3      | Reached XP level 6. HP: 47/49 MP: 2/12
  2812 | D:3      | Found a faded altar of an unknown god.
  3077 | D:3      | Noticed Jessica
  3081 | D:3      | Killed Jessica
  3109 | D:3      | Found a runed translucent door.
  3110 | D:3      | Noticed Crazy Yiuf
  3242 | D:3      | Found a glowing silver altar of Zin.
  3243 | D:3      | Found a glowing golden altar of the Shining One.
  3245 | D:3      | Found a white marble altar of Elyvilon.
  3468 | D:4      | Noticed Robin
  3479 | D:3      | HP: 2/49 [hobgoblin[Robin] (1)]
  3479 | D:3      | Slain by a goblin

Illustrated notes

Levels and vault maps discovered:
D:1:      ncdulo_halloftheorcs, layout_basic
D:2:      layout_basic
D:3:      layout_rooms, good_gods_temple_1,
          shapermc_ecumenical_altar_flowoftime,
          hangedman_abyss_or_decor_lesser_grid, due_unseen_surprise,
          uniq_crazy_yiuf_cottage, uniq_jessica, uniq_sigmund
D:4:      layout_rooms, uniq_grinder, uniq_robin

Skill      XL: |  1  2  3  4  5  6 |
---------------+-------------------+-----
Conjurations   | 1 2 3 4 |  4.2
Spellcasting   | 3 4 |  4.4
Dodging        | |  1.5
Stealth        | |  3.0
Transmutations | |  1.0
Poison Magic   | |  4.0

Action                   |  1- 3 |  4- 6 || total
-------------------------+-------+-------++-------
Melee: Hand axe          |    12 |    12 ||    24
       Club              |     1 |       ||     1
       Dagger            |       |     9 ||     9
Throw: Stone             |    10 |     6 ||    16
 Cast: Sting             |    29 |    23 ||    52
       Mephitic Cloud    |       |     7 ||     7
       Ignite Poison     |       |     1 ||     1
 Abil: Spit Poison       |    31 |    23 ||    54
  Use: Scroll            |     2 |     1 ||     3
Armor: Robe              |     6 |    15 ||    21
Dodge: Dodged            |    19 |    30 ||    49

Table legend: (Time is in decaauts)
 A = Elapsed time spent in this place.
 B = Non-inter-level travel time spent in this place.
 C = Inter-level travel time spent in this place.
 D = Time resting spent in this place.
 E = Time spent auto-exploring this place.
 F = Levels seen in this place.
 G = Mean time per level.
                   A        B        C        D        E       F      G
               +--------+--------+--------+--------+--------+-----+--------+
         Total |   4488 |   4094 |    394 |    651 |   2885 |   4 | 1122.0 |
       Dungeon |   4488 |   4094 |    394 |    651 |   2885 |   4 | 1122.0 |
               +--------+--------+--------+--------+--------+-----+--------+

Top non-repeatable levels by time:
     D:2: 2140 daAuts
     D:3: 1240 daAuts
     D:1: 1102 daAuts
     D:4: 4 daAuts
